 Dungeon Crawl Stone Soup version 0.30-a0-469-g84de5afbc5 (webtiles) character file.

Game seed: 5623535002687591972

217 arthad the Digger (level 5, -3/29 HPs)
             Began as a Gargoyle Earth Elementalist on Dec 20, 2022.
             Was an Initiate of Okawaru.
             Slain by a wight
             ... wielding a +0 long sword
              (10 damage)
             ... on level 4 of the Dungeon.
             The game lasted 00:14:13 (3461 turns).

arthad the Digger (Gargoyle Earth Elementalist)     Turns: 3461, Time: 00:14:13

Health: -3/29      AC:  8    Str: 12    XL:     5   Next: 94%
Magic:  8/9        EV: 10    Int: 17    God:    Okawaru [......]
Gold:   217        SH:  7    Dex: 10    Spells: 6/9 levels left

rFire   . . .      SeeInvis .    (no weapon)
rCold   . . .      Faith    .    c - +0 kite shield
rNeg    + . .      Spirit   .    a - +0 robe
rPois   ∞          Reflect  .    l - +0 helmet
rElec   +          Harm     .    (no cloak)
rCorr   .          Rampage  .    (no gloves)
Will    +....                    i - +0 pair of boots
Stlth   ++........               f - amulet of regeneration
HPRegen 1.04/turn                t - ring of willpower
MPRegen 0.11/turn                (no ring)

@: attractive
A: sickness immunity, AC +4, negative energy resistance 1, electricity
resistance, torment resistance 1, petrification resistance
a: Renounce Religion


You were on level 4 of the Dungeon.
You worshipped Okawaru.
Okawaru was noncommittal.
You visited 1 branch of the dungeon, and saw 4 of its levels.

You collected 217 gold pieces.

Inventory:

Missiles
 g - 17 poisoned darts
 p - 4 silver boomerangs
Armour
 a - a +0 robe (worn)
 c - a +0 kite shield (worn)
 i - a +0 pair of boots (worn)
 l - a +0 helmet (worn)
Jewellery
 f - an amulet of regeneration (around neck)
 t - a ring of willpower (left hand)
Wands
 e - a wand of flame (30)
Scrolls
 j - 2 scrolls of fear
 m - a scroll of enchant weapon
 n - a scroll of butterflies
 o - 2 scrolls of silence
 q - a scroll of teleportation
 r - a scroll of amnesia
Potions
 b - 2 potions of magic
 d - 2 potions of lignification
 k - a potion of curing {unknown}


   Skills:
 + Level 1.3 Fighting
 + Level 2.2 Dodging
 + Level 3.2 Stealth
 + Level 1.3 Shields
 * Level 2.7 Spellcasting
 + Level 1.2 Translocations
 + Level 1.5 Transmutations
 * Level 4.5 Earth Magic
 + Level 1.1 Invocations


You had 6 spell levels left.
You knew the following spells:

 Your Spells              Type           Power      Damage    Failure   Level
a - Sandblast             Erth           34%        2d9       10%         1
b - Blink                 Tloc           12%        N/A       50%         2

Your spell library contained the following spells:

 Spells                   Type           Power      Damage    Failure   Level
 Passwall                 Tmut/Erth      10%        N/A       26%         2
 Momentum Strike          Conj/Tloc      8%         3d8       58%         2
 Stone Arrow              Conj/Erth      20%        3d8       58%         3
 Lesser Beckoning         Tloc           12%        N/A       75%         3
 Portal Projectile        Hex/Tloc       8%         N/A       82%         3
 Petrify                  Tmut/Erth      12%        N/A       86%         4
 Dazzling Flash           Conj/Hex       4%         N/A       88%         3
 Leda's Liquefaction      Hex/Erth       5%         N/A       94%         4
 Yara's Violent Unravell  Hex/Tmut       2%         3d3       100%        5
 Enfeeble                 Hex            1%         N/A       100%        7
 Call Canine Familiar     Summ           Unusable   N/A       N/A         3

Dungeon Overview and Level Annotations

Branches:
Dungeon (4/15)
 Temple: D:4-7

Altars:
Okawaru


Innate Abilities, Weirdness & Mutations

You are immune to sickness and miasma.
Your stone body is resilient. (AC +4)
You are immune to poison.
You resist negative energy. (rN+)
You are resistant to electric shocks. (rElec)
You are resistant to unholy torment.
You are immune to petrification.


Message History

A jelly and a goblin come into view.
Found an escape hatch in the ceiling.
The jelly moves out of view.
A wight comes into view. It is wielding a +3 spear.
Found a stone staircase leading up.
The goblin shouts!
A wight comes into view. It is wielding a +0 battleaxe.
A wight comes into view. It is wielding a +0 long sword.
A wight comes into view. It is wielding a +0 long sword.
There is a stone staircase leading up here.
Found a book of Fire.
You open the door.
A goblin zombie comes into view.
You hear the slow hiss of an avalanche of sand.
Found a war axe.
Found a stone staircase leading down.
The wight hits you with a +3 spear. The wight attacks as you move away!
The wight hits you with a +0 long sword!
The wight hits you with a +3 spear.
You open the door.
A hobgoblin zombie comes into view.
The wight hits you from afar with a +3 spear!
The hobgoblin zombie closely misses you.
There is an open door here.
Aiming: Sandblast (safe; 10% risk of failure)
Press: ? - help, Q - select action, (/) - cycle Shift-Dir - straight line, f - hobgoblin zombie
Aim: a hobgoblin zombie (94% to hit)
The blast of sand hits the hobgoblin zombie!
You destroy the hobgoblin zombie!
Okawaru accepts your kill. The wight misses you.
The wight hits you from afar with a +3 spear.
* * * LOW HITPOINT WARNING * * *
The wight misses you.
The wight hits you from afar with a +3 spear.
* * * LOW HITPOINT WARNING * * *
You block the goblin's attack.
It was a potion of attraction.
You feel attractive to monsters.
The wight hits you with a +0 long sword!
You die...

....................##
..........<..........#
.#.....#.............#
.#...................#
.......#............####
............z.#........#
............##..#..###.###
#..............###z......#
#.............##@##g.###.#
....z........###z###..##
#. ..#..zzg..#..##
.###...z.###..## #
##..:##Z##..#.#
###+###.###'###...#
..........g.......#
....#.#.##..####### ..
........##


You could see 4 wights and a goblin.

Vanquished Creatures
  A scorpion (D:4)
  A jelly (D:4)
  Natasha (D:2)
  Robin (D:2)
  A dart slug (D:4)
  An orc (D:3)
  3 bats (D:1)
  4 endoplasms
  2 giant cockroaches
  13 goblins
  5 hobgoblins
  17 jackals
  8 quokkas
  2 ball pythons
  4 frilled lizards
  A hobgoblin zombie (D:4)
  10 kobolds
  4 rats
79 creatures vanquished.

Notes
Turn   | Place    | Note
-------+----------+-------------------------------------------
     0 | D:1      | arthad the Gargoyle Earth Elementalist began the quest for
                  | the Orb.
     0 | D:1      | Reached XP level 1. HP: 10/10 MP: 3/3
   173 | D:1      | Reached skill level 1 in Transmutations
   173 | D:1      | Reached XP level 2. HP: 15/15 MP: 0/5
   416 | D:1      | Learned a level 2 spell: Blink
   490 | D:1      | You fall into a shaft and drop 1 floor!
   690 | D:1      | Got the Parchment of Jinxing
   758 | D:1      | Reached XP level 3. HP: 19/19 MP: 2/6
  1297 | D:2      | Noticed Natasha
  1302 | D:2      | Killed Natasha
  1303 | D:2      | Reached skill level 4 in Earth Magic
  1303 | D:2      | Reached XP level 4. HP: 22/24 MP: 2/7
  1512 | D:2      | Noticed Robin
  1517 | D:2      | Killed Robin
  1655 | D:2      | Found an iron altar of Okawaru.
  1721 | D:2      | Found a faded altar of an unknown god.
  1757 | D:2      | Became a worshipper of Warmaster Okawaru
  1888 | D:2      | Reached skill level 1 in Fighting
  2475 | D:3      | Reached skill level 1 in Shields
  2698 | D:3      | Reached skill level 1 in Translocations
  3246 | D:4      | Reached XP level 5. HP: 29/29 MP: 6/8
  3379 | D:4      | Reached skill level 1 in Invocations
  3461 | D:4      | Slain by a wight

Illustrated notes

Levels and vault maps discovered:
D:1:      minmay_arrival_cross, layout_basic
D:2:      layout_basic, chequers_ecumenical_altar_simple, basic_altar,
          minmay_misc_feat_enclosed, uniq_robin, uniq_natasha
D:3:      layout_basic, dreamdust_wishing_well
D:4:      layout_rooms, marbit_many_paths, nicolae_ossuary_entry_giza

Skill      XL: |  1  2  3  4  5 |
---------------+----------------+-----
Transmutations | 1 |  1.5
Dodging        | 2 |  2.2
Earth Magic    | 4 |  4.5
Stealth        | 3 |  3.2
Fighting       | 1 |  1.3
Shields        | 1 |  1.3
Translocations | 1 |  1.2
Invocations    | 1 |  1.1
Spellcasting   | |  2.7

Action                   |  1- 3 |  4- 6 || total
-------------------------+-------+-------++-------
Melee: Unarmed           |    16 |    22 ||    38
 Cast: Sandblast         |    41 |    65 ||   106
  Use: Scroll            |       |     9 ||     9
       Potion            |       |     1 ||     1
Armor: Robe              |    10 |    14 ||    24
Dodge: Dodged            |    20 |    26 ||    46
Block: Kite shield       |       |    11 ||    11

Table legend: (Time is in decaauts)
 A = Elapsed time spent in this place.
 B = Non-inter-level travel time spent in this place.
 C = Inter-level travel time spent in this place.
 D = Time resting spent in this place.
 E = Time spent auto-exploring this place.
 F = Levels seen in this place.
 G = Mean time per level.
                   A        B        C        D        E       F      G
               +--------+--------+--------+--------+--------+-----+--------+
         Total |   3516 |   3448 |     68 |    148 |   2628 |   4 |  879.0 |
       Dungeon |   3516 |   3448 |     68 |    148 |   2628 |   4 |  879.0 |
               +--------+--------+--------+--------+--------+-----+--------+

Top non-repeatable levels by time:
     D:2: 1257 daAuts
     D:1: 1104 daAuts
     D:3: 890 daAuts
     D:4: 263 daAuts
